AoeStats
← sim_wilhelm

Arabia

506452476Analyzed
1v1 RM · 18d ago on Sep 13, 2026· 40m 59s· 2 players
Game mode
Random Map
Map size
Tiny (2 player)
Population
200
Speed
Normal
Resources
Standard
Victory
Conquest
Starting age
Dark Age
Ending age
Imperial Age
RankedLock teamsTeams togetherTeam positionsShared explorationLock speedFull tech treeHidden civsTurbo modeCheats
Victory
Defeat
🇩🇪 Maya · Germany
614
+15
🇳🇱 Tatars · Netherlands
582
-30
Phoides
6:27 Loom
11:44 Feudal Age
12:11 Double-Bit Axe
12:46 Town Watch
16:40 Wheelbarrow
21:07 Stone Mining
21:08 Gold Mining
23:56 Castle Age
23:22 Gold Mining
23:22 Stone Mining
37:48 Imperial Age
sim_wilhelm
8:15 Loom
11:23 Feudal Age
11:51 Double-Bit Axe
11:49 Horse Collar
17:18 Wheelbarrow
22:42 Castle Age
21:15 Stone Mining
23:50 Bow Saw
23:34 Fletching
23:45 Padded Archer Armor
23:57 Forging
26:59 Pikeman
27:00 Eagle Warrior
27:41 Squires
29:06 Thumb Ring
28:22 Crossbowman
32:13 Scale Mail Armor
32:23 Forging
32:29 Leather Archer Armor
32:10 Bodkin Arrow
32:36 Murder Holes
33:44 Chain Mail Armor
36:34 Imperial Age
38:39 Ballistics
39:21 Chemistry
39:49 Halberdier
39:51 Elite Eagle Warrior
Connection lost

Rejoining the realm…

Still unreachable

The connection could not be restored.

Session expired

The server has moved on; the page needs a fresh start.